 Dungeon Crawl Stone Soup version 0.23-a0-313-gf30bb39 (webtiles) character file.

82 MatthieuS the Magician (level 4, -3/24 HPs)
             Began as a Deep Elf Fire Elementalist on Oct 12, 2018.
             Killed by nerve-wracking pain
             ... invoked by an orc priest
              (11 damage)
             ... on level 3 of the Dungeon.
             The game lasted 00:02:54 (1041 turns).

MatthieuS the Magician (Deep Elf Fire Elementalist) Turns: 1041, Time: 00:02:54

Health: -3/24      AC:  2    Str:  5    XL:     4   Next: 21%
Magic:  0/12       EV: 18    Int: 21    God:
Gold:   51         SH:  0    Dex: 20    Spells: 8/11 levels left

rFire    . . .     SeeInvis .   i - +0 dagger
rCold    . . .     Gourm    .   (no shield)
rNeg     . . .     Faith    .   a - +0 robe
rPois    .         Spirit   .   (no helmet)
rElec    .         Reflect  .   (no cloak)
rCorr    .         Harm     .   (no gloves)
MR       .....                  (no boots)
Stlth    +++.......             (no amulet)
HPRegen  0.08/turn              (no ring)
MPRegen  0.13/turn              (no ring)

@: agile, flying
A: no striking features
a: no special abilities


You were on level 3 of the Dungeon.
You were not hungry.

You visited 1 branch of the dungeon, and saw 3 of its levels.

You collected 51 gold pieces.

Inventory:

Hand Weapons
 i - a +0 dagger (weapon)
   (You took it off a goblin on level 1 of the Dungeon)
Missiles
 g - 71 stones (quivered)
Armour
 a - a +0 robe (worn)
Wands
 x - a wand of acid (4)
   (You found it on level 2 of the Dungeon)
Scrolls
 b - a scroll of enchant weapon {unknown}
 f - 4 scrolls of remove curse {unknown}
 j - a scroll of magic mapping {unknown}
 l - a scroll of identify {unknown}
 m - a scroll of teleportation {unknown}
Potions
 h - a potion of lignification {unknown}
Comestibles
 c - 3 chunks of flesh
 e - 2 rations


   Skills:
 - Level 2.4 Dodging
 - Level 2.4 Stealth
 + Level 4.2 Spellcasting
 + Level 2.6 Conjurations
 + Level 4.2 Fire Magic


You had 8 spell levels left.
You knew the following spells:

 Your Spells              Type           Power        Failure   Level  Hunger
a - Flame Tongue          Conj/Fire      ###..        2%          1    None
b - Throw Flame           Conj/Fire      ###...       4%          2    #......

Your spell library contained the following spells:

 Spells                   Type           Power        Failure   Level  Hunger
 Conjure Flame            Conj/Fire      ###.....     9%          3    ##.....
 Inner Flame              Hex/Fire       ##......     14%         3    ##.....
 Sticky Flame             Conj/Fire      ###.....     28%         4    ####...
 Fireball                 Conj/Fire      ###.......   61%         5    ######.


Dungeon Overview and Level Annotations

Branches:
Dungeon (2/15)

Altars:
Ashenzari


Message History

The flame tongue hits the orc.
You kill the orc!
Aim: an orc, wielding a mace The flame tongue hits the orc.
The orc barely misses you.
Aim: an orc, wielding a mace (moderately wounded)
The flame tongue hits the orc.
Aim: an orc, wielding a mace (heavily wounded)
The flame tongue hits the orc.
The orc priest closely misses you. The orc hits you but does no damage.
Aim: an orc, wielding a mace (severely wounded)
The flame tongue hits the orc.
You kill the orc!
The orc priest hits you with a club.
You don't have enough magic to cast that spell.
You hit the orc priest but do no damage.
The orc priest barely misses you.
You barely miss the orc priest.
The orc priest calls down the wrath of Beogh upon you.
Pain shoots through your body!
* * * LOW HITPOINT WARNING * * *
You hit the orc priest. The orc priest barely misses you.
You barely miss the orc priest.
The orc priest miscasts a cantrip.
Aim: an orc priest, wielding a club (lightly wounded)
The flame tongue hits the orc priest.
The orc priest completely misses you.
It was a potion of agility.
You feel agile all of a sudden. The orc priest misses you.
It was a potion of flight.
You feel very buoyant.
You fly up into the air.
The orc priest hits you with a club.
* * * LOW HITPOINT WARNING * * *
It was a potion of curing.
You feel better. The orc priest closely misses you.
You hit the orc priest but do no damage.
The orc priest closely misses you.
You hit the orc priest but do no damage.
The orc priest hits you with a club.
* * * LOW HITPOINT WARNING * * *
You hit the orc priest.
Aim: an orc priest, wielding a club (heavily wounded)
The flame tongue hits the orc priest.
The orc priest appears unharmed.
The orc priest misses you.
You hit the orc priest. The orc priest closely misses you.
You hit the orc priest. The orc priest barely misses you.
You hit the orc priest. The orc priest hits you with a club.
* * * LOW HITPOINT WARNING * * *
You completely miss the orc priest.
The orc priest mumbles some strange prayers to Beogh against you.
Pain shoots through your body!
You die...

#...........#..#
#.............._.
#..............#.
##..........#..#.
#...........#.###.
#...........#.###.
##
#.............###.
#..
#.o)...#####...
##...####.#@...#
....
#......oog####.#
..K #.....o...#
#... #.........#
##.. ###.##..###
... #.. #... ..
... ..### #.. ...#
#.. ...##


You could see an orc priest.

Vanquished Creatures
  3 gnolls (D:2)
  An adder (D:2)
  A worm (D:2)
  A dart slug (D:2)
  4 orcs (D:3)
  2 giant cockroaches
  7 hobgoblins
  3 kobolds
  3 bats
  3 frilled lizards (D:1)
  5 goblins
  A rat (D:2)
34 creatures vanquished.

Notes
Turn   | Place    | Note
-------+----------+-------------------------------------------
     0 | D:1      | MatthieuS the Deep Elf Fire Elementalist began the quest
                  | for the Orb.
     0 | D:1      | Reached XP level 1. HP: 10/10 MP: 6/6
   248 | D:1      | Reached XP level 2. HP: 15/15 MP: 5/8
   544 | D:2      | Learned a level 2 spell: Throw Flame
   641 | D:2      | Reached XP level 3. HP: 19/19 MP: 6/10
   864 | D:2      | Reached XP level 4. HP: 24/24 MP: 2/12
   984 | D:2      | You fall through a shaft!
   984 | D:3      | Found a shattered altar of Ashenzari.
  1041 | D:3      | Killed from afar by an orc priest

Vault maps used:
D:1:      saegor_arrival_miasma, serial_curves, eino_curves_02, eino_curves_01
D:2:      lemuel_zombie_altar_yredelemnul, chequers_ecumenical_altar_grove
D:3:      cheibrodos_ashenzari_chains, nicolae_overflow_crystal_walls

Skill      XL: |  1  2  3 |
---------------+----------+-----
Conjurations   | 2 |  2.6
Spellcasting   | 4 |  4.2
Fire Magic     | 4 |  4.2
Dodging        | |  2.4
Stealth        | |  2.4

Action                   |  1- 3 |  4- 6 || total
-------------------------+-------+-------++-------
Melee: Dagger            |       |    11 ||    11
 Cast: Flame Tongue      |    42 |    18 ||    60
       Throw Flame       |     2 |     1 ||     3
  Use: Potion            |       |     3 ||     3
Armor: Robe              |     1 |     1 ||     2
Dodge: Dodged            |     7 |    14 ||    21

Table legend:
 A = Non-vault XP
 B = Vault XP
 C = Vault XP percentage of total XP
 D = Non-vault monster count
 E = Vault monster count
 F = Vault count percentage of total count
                 A         B        C        D         E       F
            +---------+---------+-------+---------+---------+-------
      Total |     118 |       0 |   0.0 |      34 |       0 |   0.0
            +---------+---------+-------+---------+---------+-------
        D:1 |      23 |       0 |   0.0 |      14 |       0 |   0.0
        D:2 |      81 |       0 |   0.0 |      15 |       0 |   0.0
        D:3 |      14 |       0 |   0.0 |       5 |       0 |   0.0
            +---------+---------+-------+---------+---------+-------
